Map: Sacrificio tropical

Players

MrHase

  • Race: Zerg Zerg
  • League: Master
  • Spawn Location: 7:00

Joyboy - Winner!

  • Race: Protoss Protoss
  • League: Master
  • Spawn Location: 1:00

VOD

Have the link to the VOD?

Description

Time

  • Played on: Oct. 26, 2022, 5:24 p.m.
  • Length: 37:21
Show
View Real Time Build Order
Export as new Build Order

MrHase Zerg 

Build Orders: Hatch First, Lurkers 

Get SALT Encoding   

  12  0:02  Drone  
  13  0:12  Overlord  
  13  0:20  Drone  
  14  0:25  Extractor  
  14  0:26  Drone  
  15  0:31  Drone  
  16  0:53  Drone x2  
  18  1:00  Hatchery  
  17  1:12  Spawning Pool  
  17  1:14  Drone  
  17  1:18  Drone  
  17  1:21  Drone  
  19  1:29  Drone  
  20  1:32  Extractor  
  19  1:40  Drone  
  20  1:57  Overlord  
  20  1:59  Queen  
  22  2:13  Queen  
  22  2:14  Drone x3  
  27  2:25  Hatchery  
  26  2:31  Drone  
  26  2:32  Drone  
  26  2:36  Drone  
  29  2:39  Drone  
  30  2:50  Overlord, Metabolic Boost  
  30  2:52  Drone  
  30  2:55  Zergling x2  
  30  2:58  Zergling x2  
  33  3:08  Extractor  
  31  3:14  Drone  
  31  3:15  Drone x4  
  31  3:18  Overlord  
  37  3:22  Queen  
  39  3:27  Spore Crawler  
  39  3:28  Drone  
  39  3:33  Zergling x4  
  40  3:36  Drone  
  41  3:59  Drone x9  
  48  4:03  Spore Crawler  
  48  4:06  Drone  
  45  4:14  Drone x3  
  48  4:19  Queen  
  50  4:25  Drone  
  50  4:26  Drone x2  
  50  4:31  Overlord  
  53  4:33  Spore Crawler  
  53  4:37  Drone  
  53  4:38  Drone  
  54  4:42  Drone x3  
  54  4:44  Overlord  
  57  4:49  Drone x2  
  57  4:51  Lair  
  59  4:59  Extractor, Roach Warren  
  57  5:00  Evolution Chamber  
  57  5:02  Drone  
  57  5:03  Drone x2  
  59  5:07  Overlord x2  
  59  5:12  Extractor x2  
  59  5:13  Drone x4  
  61  5:14  Drone  
  61  5:18  Drone, Spore Crawler  
  61  5:19  Drone  
  63  5:23  Overlord  
  63  5:26  Zergling x6  
  66  5:32  Drone x3  
  67  5:48  Drone x7  
  74  5:50  Zerg Missile Weapons Level 1  
  74  5:51  Glial Reconstitution  
  74  5:56  Extractor  
  73  5:57  Extractor  
  73  6:00  Hatchery  
  71  6:10  Drone  
  71  6:11  Drone x4  
  76  6:13  Roach, Hydralisk Den  
  76  6:14  Roach x4  
  85  6:19  Drone, Queen  
  85  6:21  Overlord  
  85  6:23  Overlord  
  88  6:28  Overlord  
  88  6:29  Overlord  
  88  6:38  Queen  
  88  6:39  Overlord x2  
  90  6:40  Drone x2  
  90  6:41  Drone  
  90  6:42  Grooved Spines  
  90  6:44  Overseer  
  90  6:46  Hydralisk x2  
  95  6:52  Hydralisk  
  99  6:59  Drone x3  
  99  7:00  Drone x2  
  104  7:02  Hydralisk  
  104  7:06  Hydralisk  
  108  7:16  Hydralisk x4  
  108  7:17  Spore Crawler  
  108  7:18  Spore Crawler  
  113  7:25  Hydralisk x3  
  113  7:26  Queen  
  121  7:32  Drone x4  
  121  7:33  Infestation Pit  
  121  7:34  Lurker Den  
  123  7:46  Hydralisk  
  123  7:47  Hydralisk x6  
  123  7:49  Drone x3  
  141  7:58  Drone x3  
  141  8:00  Overlord x4  
  143  8:12  Hive  
  143  8:13  Extractor, Muscular Augments, Zerg Missile Weapons Level 2  
  143  8:16  Extractor  
  143  8:18  Evolution Chamber, Overseer  
  140  8:21  Spore Crawler  
  139  8:34  Hydralisk x6  
  139  8:36  Hatchery  
  139  8:37  Overlord  
  139  8:38  Extractor, Drone x2  
  139  8:39  Extractor  
  150  8:44  Drone x5  
  155  8:49  Drone x5  
  160  8:58  Zerg Ground Armor Level 1  
  160  9:02  Overlord x3  
  160  9:09  Pneumatized Carapace, Overseer  
  160  9:13  Lurker x5  
  165  9:17  Burrow  
  165  9:19  Zergling x4  
  165  9:20  Zergling x4  
  169  9:26  Seismic Spines  
  169  9:33  Viper  
  169  9:34  Evolution Chamber  
  169  9:36  Evolution Chamber, Drone x2  
  169  9:38  Evolution Chamber  
  171  9:40  Lurker  
  172  9:48  Drone x3  
  175  10:00  Lurker x2  
  175  10:01  Viper  
  175  10:04  Spine Crawler x2, Overseer  
  178  10:13  Lurker x2  
  178  10:14  Spore Crawler  
  179  10:23  Adaptive Talons  
  179  10:25  Viper  
  181  10:35  Lurker  
  181  10:36  Lurker x3  
  181  10:42  Spine Crawler, Spore Crawler  
  183  10:45  Drone x3  
  183  10:46  Drone x3, Spine Crawler  
  183  10:48  Lurker x3  
  191  10:50  Overseer  
  191  10:51  Overseer  
  191  10:58  Viper  
  194  11:12  Lurker x2  
  194  11:13  Lurker  
  194  11:16  Hydralisk  
  199  11:20  Zerg Missile Weapons Level 3  
  199  11:22  Overseer  
  198  11:27  Extractor  
  198  11:28  Hatchery  
  198  11:29  Extractor  
  192  11:42  Hydralisk x3  
  195  12:09  Hydralisk x2  
  191  12:25  Hydralisk  
  191  12:26  Hydralisk x2  
  188  12:38  Hydralisk  
  188  12:39  Hydralisk x4  
  173  12:59  Hydralisk x8  
  173  13:00  Hydralisk x5  
  199  13:21  Spine Crawler, Spore Crawler  
  199  13:22  Spine Crawler  
  199  13:23  Spine Crawler  
  199  13:25  Spine Crawler  
  194  13:28  Lurker x3  
  194  13:30  Zerg Ground Armor Level 2  
  194  13:31  Hydralisk  
  187  13:59  Lurker x2  
  187  14:00  Lurker  
  187  14:01  Hydralisk x4  
  198  14:13  Hydralisk x6  
  191  14:36  Viper x2  
  195  14:51  Lurker  
  195  14:52  Viper  
  199  15:11  Overlord x14  
  194  15:29  Hydralisk  
  194  15:30  Hydralisk x2  
  194  15:34  Overseer  
  196  15:53  Lurker x3  
  196  15:57  Overseer x2  
  192  16:15  Spore Crawler  
  192  16:17  Hydralisk, Spine Crawler  
  192  16:18  Hydralisk x4, Spine Crawler  
  199  16:19  Spine Crawler  
  199  16:24  Hatchery  
  194  16:33  Viper  
  194  16:35  Queen  
  196  16:54  Hydralisk  
  175  17:25  Hydralisk  
  175  17:26  Hydralisk x11  
  199  17:32  Zerg Ground Armor Level 3  
  199  17:39  Spine Crawler, Overseer  
  199  17:41  Lurker x2, Spine Crawler x2  
  199  17:43  Lurker  
  199  17:53  Spire x2  
  199  17:54  Lurker  
  189  18:06  Spine Crawler, Spore Crawler  
  189  18:07  Spine Crawler  
  189  18:12  Viper x3  
  192  18:18  Viper  
  196  18:27  Hatchery  
  196  18:28  Lurker x2  
  165  19:15  Lurker x2  
  165  19:16  Viper x5  
  170  19:19  Zergling x10  
  170  19:21  Drone x3  
  190  19:25  Zerg Flyer Armor Level 1, Zerg Flyer Weapons Level 1  
  190  19:30  Evolution Chamber  
  190  19:31  Drone x3  
  190  19:32  Evolution Chamber  
  191  19:49  Zerg Melee Weapons Level 1  
  191  19:51  Queen  
  171  20:26  Lurker x2, Viper  
  171  20:27  Viper x5, Queen  
  193  20:29  Queen x2  
  193  20:35  Zergling x6  
  200  20:42  Evolution Chamber  
  199  20:43  Evolution Chamber  
  199  20:44  Drone x2  
  199  20:46  Evolution Chamber  
  199  21:10  Lurker  
  198  21:28  Hydralisk  
  193  21:47  Hydralisk x3  
  192  22:10  Lurker x2  
  192  22:16  Lurker x5  
  192  22:17  Overseer  
  192  22:18  Overseer x2  
  197  22:23  Hydralisk  
  197  22:26  Zerg Flyer Weapons Level 2, Zerg Flyer Armor Level 2  
  197  22:28  Zerg Melee Weapons Level 2  
  197  22:29  Adrenal Glands  
  199  22:47  Extractor, Hatchery  
  199  22:50  Extractor  
  196  22:53  Hydralisk x2  
  196  22:56  Spore Crawler x2  
  169  23:59  Hydralisk x9  
  172  24:22  Viper x6  
  177  24:43  Viper x6  
  195  25:09  Viper  
  195  25:10  Viper x2  
  195  25:14  Drone x3  
  195  25:19  Drone x2  
  195  25:20  Overseer x2  
  195  25:21  Overseer x2  
  200  25:35  Spore Crawler  
  199  25:36  Spine Crawler  
  199  25:37  Spore Crawler  
  199  25:38  Spine Crawler x2, Spore Crawler  
  199  25:39  Spine Crawler  
  184  25:59  Queen x3  
  178  26:17  Lurker x2  
  177  26:22  Drone x4  
  177  26:25  Zerg Flyer Armor Level 3, Zerg Flyer Weapons Level 3  
  180  26:26  Corruptor x4  
  180  26:27  Corruptor x4  
  193  26:38  Zerg Melee Weapons Level 3  
  193  26:39  Overseer x4  
  192  26:50  Hydralisk x3  
  198  27:12  Lurker  
  198  27:13  Lurker x3  
  166  27:41  Hydralisk x11  
  166  27:42  Hydralisk x4  
  196  27:52  Zergling x2  
  196  27:53  Zergling x4  
  191  28:20  Corruptor x4  
  172  29:41  Corruptor x12  
  194  29:55  Hydralisk  
  194  29:56  Hydralisk  
  194  29:58  Overseer x4  
  198  30:26  Hydralisk  
  165  31:14  Viper  
  165  31:15  Viper x4  
  158  31:57  Hydralisk x8  
  124  32:45  Hatchery  
  124  32:46  Hydralisk x2  
  127  32:54  Extractor, Hatchery  
  122  33:05  Zergling x18  
  131  33:06  Queen x2  
  137  33:15  Extractor, Spore Crawler  
  135  33:20  Spore Crawler  
  135  33:23  Hydralisk x2, Spore Crawler  
  134  33:31  Hydralisk  
  132  33:42  Queen x2  
  136  33:57  Hydralisk  
  136  34:02  Drone x5  
  143  34:09  Spore Crawler  
  142  34:11  Drone, Queen  
  142  34:12  Drone  
  146  34:17  Lurker  
  147  34:24  Queen x2  
  147  34:29  Spore Crawler  
  147  34:30  Hydralisk  
  152  34:38  Drone x6, Spore Crawler  
  157  34:47  Queen  
  158  35:00  Queen x2  
  151  35:26  Hydralisk  
  144  35:31  Drone  
  145  35:36  Queen x2  
  89  36:30  Extractor x2  
  87  36:34  Spore Crawler  
  87  36:35  Hydralisk x3  
Show
View Real Time Build Order
Export as new Build Order

Joyboy Protoss - Winner!

Build Orders: 1 Gate Expand, Oracle Opening, Archon Immortal, Carriers 

Get SALT Encoding   

  12  0:00  Probe  
  13  0:12  Probe  
  14  0:21  Pylon  
  14  0:24  Probe  
  15  0:39  Probe (Chrono Boost)  
  16  0:45  Gateway  
  16  0:48  Probe (Chrono Boost)  
  17  0:51  Assimilator  
  17  0:54  Probe  
  18  1:08  Gateway  
  18  1:09  Probe  
  19  1:21  Probe  
  20  1:33  Nexus  
  20  1:44  Cybernetics Core  
  20  1:47  Probe  
  20  1:53  Assimilator  
  21  1:59  Probe  
  22  2:03  Pylon  
  22  2:11  Probe  
  23  2:18  Adept (Chrono Boost)  
  25  2:25  Stargate  
  25  2:28  Probe (Chrono Boost)  
  27  2:37  Probe (Chrono Boost)  
  27  2:39  Adept (Chrono Boost)  
  29  2:45  Probe, Warp Gate (Chrono Boost)  
  29  2:48  Probe  
  31  2:57  Probe  
  32  3:00  Probe  
  33  3:09  Probe  
  33  3:10  Oracle (Chrono Boost)  
  34  3:16  Probe  
  34  3:19  Zealot  
  40  3:21  Probe  
  40  3:24  Gateway  
  41  3:28  Probe  
  42  3:34  Probe  
  42  3:36  Pylon  
  42  3:40  Probe  
  44  3:54  Oracle (Chrono Boost)  
  45  4:07  Probe, Pylon  
  45  4:08  Probe  
  45  4:13  Nexus  
  45  4:20  Probe x2, Assimilator  
  45  4:23  Twilight Council  
  47  4:28  Forge  
  47  4:29  Oracle  
  50  4:32  Probe x2  
  50  4:38  Shield Battery  
  52  4:41  Adept  
  52  4:44  Probe x2 (Chrono Boost)  
  56  4:52  Assimilator  
  56  4:53  Stalker  
  56  4:56  Probe (Chrono Boost)  
  56  4:59  Pylon, Protoss Ground Weapons Level 1 (Chrono Boost)  
  60  5:02  Charge (Chrono Boost), Probe (Chrono Boost)  
  60  5:05  Probe (Chrono Boost)  
  61  5:09  Probe (Chrono Boost)  
  62  5:15  Pylon  
  62  5:17  Probe  
  62  5:20  Probe  
  64  5:21  Pylon  
  64  5:29  Probe  
  65  5:39  Robotics Facility  
  65  5:43  Probe x3  
  68  5:50  Gateway x2  
  68  5:53  Gateway  
  68  5:54  Photon Cannon  
  68  5:55  Probe (Chrono Boost)  
  71  5:57  Templar Archives  
  71  5:58  Probe x2 (Chrono Boost)  
  71  6:05  Assimilator  
  71  6:07  Probe (Chrono Boost)  
  71  6:10  Assimilator  
  74  6:11  Probe x2 (Chrono Boost)  
  74  6:12  Probe (Chrono Boost)  
  75  6:19  Probe x2  
  75  6:22  Probe  
  75  6:24  Psionic Storm  
  78  6:26  Warp Prism  
  78  6:31  Probe x2  
  82  6:34  Probe  
  82  6:37  High Templar  
  82  6:38  High Templar  
  87  6:43  Probe  
  87  6:44  Probe  
  87  6:46  Probe  
  90  6:51  Pylon  
  90  6:52  Blink  
  90  6:54  Zealot x3  
  94  6:56  Probe  
  94  6:57  Pylon x2  
  97  7:08  Immortal (Chrono Boost)  
  100  7:13  Robotics Facility  
  100  7:22  Nexus  
  100  7:24  High Templar x2, Protoss Ground Weapons Level 2 (Chrono Boost)  
  100  7:26  Pylon  
  100  7:28  Probe  
  105  7:30  Probe  
  105  7:31  Probe  
  105  7:35  Photon Cannon  
  105  7:36  Pylon, Shield Battery  
  107  7:38  Shield Battery  
  107  7:40  Pylon  
  107  7:42  Warp Prism  
  107  7:56  Gateway  
  107  7:57  Gateway  
  107  8:00  Gateway  
  107  8:05  Gateway  
  107  8:07  Gateway  
  107  8:08  Photon Cannon  
  107  8:09  Pylon  
  107  8:13  Assimilator  
  107  8:18  Fleet Beacon, Assimilator, High Templar x2  
  111  8:21  Stargate  
  111  8:24  Archon  
  111  8:26  Immortal (Chrono Boost)  
  119  8:27  Pylon, Immortal (Chrono Boost)  
  119  8:33  Probe  
  120  8:34  Probe  
  120  8:35  Pylon  
  120  8:37  High Templar x2  
  120  8:39  Probe  
  120  8:40  Probe  
  127  8:45  Probe  
  127  8:46  Probe  
  129  8:51  Probe  
  129  8:52  Probe  
  129  8:53  Pylon  
  129  8:54  Pylon  
  131  8:58  Probe x2, Archon  
  133  9:03  Robotics Bay  
  133  9:04  Probe  
  133  9:06  Carrier (Chrono Boost)  
  140  9:16  Photon Cannon  
  140  9:17  Photon Cannon  
  140  9:19  Gateway x2  
  140  9:20  Probe, Immortal (Chrono Boost)  
  140  9:21  High Templar x2  
  140  9:23  Observer (Chrono Boost)  
  150  9:30  Pylon  
  150  9:34  Pylon  
  150  9:37  Archon  
  150  9:42  Immortal (Chrono Boost)  
  150  9:44  Probe  
  155  9:51  Stargate  
  159  9:53  Immortal  
  159  9:57  Stargate  
  159  10:01  Protoss Air Weapons Level 1 (Chrono Boost)  
  159  10:02  Pylon  
  159  10:11  Carrier (Chrono Boost)  
  159  10:13  Pylon  
  165  10:14  High Templar  
  165  10:18  Photon Cannon  
  165  10:19  Photon Cannon  
  166  10:22  Carrier (Chrono Boost)  
  166  10:24  Photon Cannon  
  166  10:27  Photon Cannon  
  172  10:32  Protoss Ground Weapons Level 3 (Chrono Boost)  
  172  10:36  Nexus  
  172  10:40  Assimilator  
  172  10:44  Assimilator  
  178  10:50  Pylon  
  178  10:52  Carrier (Chrono Boost)  
  178  10:54  Pylon  
  178  10:55  Photon Cannon  
  178  10:56  Photon Cannon, Pylon  
  178  11:00  Cybernetics Core  
  178  11:05  Photon Cannon  
  178  11:07  Photon Cannon  
  178  11:08  High Templar  
  180  11:13  Photon Cannon  
  180  11:17  Photon Cannon  
  180  11:23  Photon Cannon, Carrier (Chrono Boost), Shield Battery  
  180  11:24  Photon Cannon  
  180  11:26  Photon Cannon x2  
  184  11:40  Carrier (Chrono Boost)  
  184  11:46  Disruptor  
  184  11:47  Disruptor  
  190  12:04  Shield Battery  
  190  12:05  Shield Battery  
  190  12:06  Shield Battery  
  190  12:07  Shield Battery  
  190  12:18  Carrier  
  190  12:19  Carrier  
  190  12:20  Carrier  
  190  12:55  Zealot x6  
  199  13:11  Gravitic Boosters (Chrono Boost)  
  199  13:12  Observer  
  196  13:19  High Templar x2  
  194  13:20  Probe x3  
  194  13:25  Protoss Air Weapons Level 2 (Chrono Boost)  
  197  13:31  High Templar  
  199  13:35  Photon Cannon  
  199  13:36  Photon Cannon, Dark Shrine  
  193  13:48  Oracle  
  193  13:49  Carrier  
  189  14:00  Robotics Facility  
  195  14:03  High Templar x2, Disruptor (Chrono Boost)  
  199  14:10  Protoss Ground Armor Level 1 (Chrono Boost)  
  199  14:11  Observer (Chrono Boost)  
  199  14:15  Zealot  
  199  14:16  Zealot  
  200  14:33  Protoss Air Armor Level 1 (Chrono Boost)  
  200  14:40  Nexus  
  192  15:22  Pylon  
  192  15:26  Pylon  
  182  15:31  Dark Templar x7  
  192  15:39  Gateway  
  192  15:42  Gateway  
  186  15:43  Gateway  
  186  15:44  Observer (Chrono Boost), Gateway  
  186  15:45  Observer (Chrono Boost)  
  186  15:46  Gateway  
  180  16:07  Tempest x2  
  180  16:08  Tempest x2  
  180  16:10  Zealot x2  
  192  16:15  Zealot x4  
  198  16:28  Zealot  
  198  16:30  Zealot x2  
  192  16:43  Dark Templar  
  192  16:44  Dark Templar x2, Zealot  
  193  16:56  Disruptor  
  193  16:57  Disruptor  
  193  16:59  Dark Templar x2  
  197  17:02  Zealot  
  177  17:30  Carrier x2  
  177  17:31  Probe x3  
  177  17:32  Disruptor x2  
  177  17:35  High Templar  
  200  17:45  Gateway  
  200  17:47  Gateway  
  200  18:12  Pylon  
  198  18:15  Assimilator  
  198  18:18  Assimilator  
  196  18:21  Pylon  
  196  18:33  Disruptor  
  192  18:57  Tempest  
  188  19:22  Tempest (Chrono Boost)  
  188  19:23  Tempest (Chrono Boost)  
  188  19:27  High Templar, Nexus  
  188  19:28  High Templar x2  
  188  19:29  Disruptor x2 (Chrono Boost)  
  197  19:34  Pylon  
  193  20:20  Carrier  
  193  20:21  Carrier  
  178  20:24  High Templar x4  
  178  20:25  High Templar x4  
  194  20:29  Photon Cannon  
  194  20:30  Photon Cannon  
  194  20:31  Shield Battery  
  194  20:34  Pylon  
  194  20:37  Assimilator  
  194  20:39  Zealot x3  
  194  20:41  Assimilator  
  194  20:42  Protoss Air Weapons Level 3 (Chrono Boost)  
  200  20:44  Protoss Air Armor Level 2 (Chrono Boost)  
  200  21:08  Photon Cannon  
  200  21:10  Photon Cannon  
  200  21:11  Photon Cannon  
  200  21:12  Photon Cannon  
  197  21:44  Tempest (Chrono Boost)  
  196  22:07  Tempest (Chrono Boost)  
  191  22:12  Tempest (Chrono Boost)  
  197  22:15  Tempest (Chrono Boost)  
  197  22:27  Shadow Stride (Chrono Boost)  
  197  22:31  Nexus  
  197  22:34  Assimilator  
  197  22:35  Disruptor  
  200  22:37  Assimilator  
  200  22:40  Pylon  
  200  22:42  Protoss Shields Level 1 (Chrono Boost)  
  200  22:43  Pylon  
  200  23:03  Protoss Air Armor Level 3  
  188  23:36  Carrier x2  
  188  23:37  Unknown  
  183  23:49  Carrier (Chrono Boost)  
  183  23:50  Carrier (Chrono Boost)  
  195  23:56  Disruptor  
  172  24:35  Disruptor  
  172  24:37  Carrier x2 (Chrono Boost)  
  190  24:51  Carrier (Chrono Boost)  
  196  24:55  Stargate  
  196  24:58  Stargate  
  196  25:02  Robotics Facility  
  196  25:04  Robotics Facility  
  196  25:22  Photon Cannon  
  196  25:24  Photon Cannon  
  196  25:26  Probe x2, Shield Battery  
  196  25:27  Probe x2, Shield Battery  
  183  26:13  Carrier (Chrono Boost)  
  195  26:19  High Templar x2  
  199  26:35  Protoss Shields Level 2 (Chrono Boost), Oracle (Chrono Boost)  
  196  26:49  Pylon  
  196  26:52  Pylon  
  196  27:15  Nexus  
  196  27:16  Pylon  
  196  27:19  Pylon  
  196  27:22  Assimilator  
  191  27:24  Pylon  
  182  27:36  Carrier x3 (Chrono Boost)  
  191  27:40  High Templar x2  
  191  27:41  High Templar x4  
  197  27:46  Archon x3  
  189  28:22  Carrier (Chrono Boost)  
  188  28:28  Zealot x6  
  188  28:56  Protoss Shields Level 3 (Chrono Boost)  
  188  29:03  Carrier (Chrono Boost), High Templar x2  
  183  29:40  Void Ray x3 (Chrono Boost)  
  181  30:01  Zealot x3  
  181  30:05  Void Ray (Chrono Boost)  
  181  30:06  Probe  
  189  30:07  Probe x2  
  189  30:09  Oracle (Chrono Boost)  
  187  30:52  Pylon  
  184  31:13  Carrier x2 (Chrono Boost)  
  198  31:23  Carrier (Chrono Boost)  
  194  31:47  Dark Templar  
  194  31:48  Dark Templar x2  
  193  32:02  Dark Templar x2  
  193  32:03  Dark Templar  
  193  32:06  Photon Cannon  
  181  32:26  Probe  
  180  32:33  Pylon  
  180  32:36  Pylon, Nexus  
  180  32:39  Assimilator  
  180  32:52  Nexus  
  180  33:30  Observer  
  177  33:58  Carrier (Chrono Boost)  
  183  34:03  Carrier (Chrono Boost)  
  188  34:21  High Templar x2  
  192  34:26  Archon  
  192  34:33  Shield Battery  
  192  34:35  Shield Battery  
  191  34:42  Dark Templar x2  
  188  35:14  Disruptor x2  
  194  35:28  High Templar x2, Zealot x2  
  192  35:29  Zealot x2  
  192  35:34  Archon  
  200  35:46  Archon  
  180  36:18  Void Ray x3  
  190  36:24  Zealot x4  
  190  36:25  Zealot x4  
  159  37:09  Zealot x8  
  159  37:10  Zealot x4  
Tags
 
Add a new tag
Caveats
  • Supply blocks, unpowered buildings, or Contaminate may cause inaccurate times.
  • Supply counts are checked every 10 seconds.